 Dungeon Crawl Stone Soup version 0.22-a0-305-gd21a89c (webtiles) character file.

71 Auros the Ruffian (level 4, 0/40 HPs)
             Began as a Ghoul Monk on Mar 28, 2018.
             Slain by Grinder (3 damage)
             ... on level 3 of the Dungeon.
             The game lasted 00:08:56 (1622 turns).

Auros the Ruffian (Ghoul Monk)                      Turns: 1622, Time: 00:08:56

Health: 0/40       AC:  3    Str: 15    XL:     4   Next: 24%
Magic:  3/3        EV: 12    Int:  5    God:
Gold:   92         SH:  0    Dex: 11    Spells: 3/3 levels left

rFire    . . .     SeeInvis .     - Unarmed
rCold    + . .     Gourm    +   (no shield)
rNeg     + + +     Faith    .   d - +0 leather armour
rPois    ∞         Spirit   .   (no helmet)
rElec    .         Reflect  .   (no cloak)
rCorr    .         Harm     .   (no gloves)
MR       +....                  (no boots)
Stlth    ++........             h - amulet of the gourmand
HPRegen  0.00/turn              m - ring of protection from magic
MPRegen  0.08/turn              (no ring)

@: rotting
A: rotting body, claws 1, carnivore, cold resistance 1, negative energy
resistance 3, inhibited regeneration, torment resistance, unbreathing
a: no special abilities


You were on level 3 of the Dungeon.
You were not hungry.

You visited 1 branch of the dungeon, and saw 3 of its levels.

You collected 92 gold pieces.

Inventory:

Missiles
 f - 48 stones (quivered)
 g - 53 arrows
Armour
 a - a +0 robe
 d - a +0 leather armour (worn)
Jewellery
 h - an amulet of the gourmand (around neck)
 m - a ring of protection from magic (left claw)
Scrolls
 i - a scroll of identify
 j - 2 scrolls of teleportation {unknown}
 o - a scroll of random uselessness {unknown}
 p - a scroll of remove curse {unknown}
Potions
 e - a potion of curing
 k - a potion of agility {unknown}
 l - a potion of cancellation {unknown}
 n - a potion of might {unknown}
Comestibles
 b - 5 rations
 c - a chunk of flesh


   Skills:
 + Level 3.7 Fighting
 + Level 1.2 Armour
 + Level 3.1 Dodging
 + Level 2.6 Stealth
 + Level 4.1 Unarmed Combat


You had 3 spell levels left.
You didn't know any spells.

Dungeon Overview and Level Annotations

Branches:
Dungeon (3/15)

Altars:

Annotations:
D:3 Grinder


Innate Abilities, Weirdness & Mutations

Your body is rotting away.
You thrive on raw meat.
You are immune to poison.
You have sharp fingernails.
You are carnivorous and can eat meat at any time.
Your flesh is cold resistant. (rC+)
You are immune to negative energy. (rN+++)
You do not regenerate when monsters are visible.
You are immune to unholy pain and torment.
You can survive without breathing.


Message History

You suddenly lose the ability to move!
You can move again.
There isn't anything here!
You scratch Grinder but do no damage. Grinder gestures at you.
You easily resist.
There isn't anything here!
Grinder closely misses you.
There isn't anything here!
Grinder grins, showing sharp teeth.
Grinder hits you!
* * * LOW HITPOINT WARNING * * *
There isn't anything here!
There isn't anything here!
You scratch Grinder but do no damage.
Grinder says, "You look like you could use a good racking."
Grinder barely misses you.
There isn't anything here!
Grinder hits you.
You die...

###########
###.........#########
......#......#.......#
.###..#......#.#####<#
###..#)...#.#.#####.#
#....!5@#........##.#
...#..#.####.#.##.##.#
.....#......#.# ##.#
#..#. #...<..#.? ..#
.. #.........#### ###
# # #.......#
#.......# #.......#
#......[#


You could see Grinder.

Vanquished Creatures
  An adder (D:2)
  An adder zombie (D:2)
  A worm (D:2)
  A dart slug (D:1)
  A leopard gecko (D:1)
  A bat zombie (D:2)
  5 giant cockroaches
  5 goblins
  2 hobgoblins
  7 jackals (D:2)
  10 kobolds
  5 bats
  4 frilled lizards (D:2)
  A leopard gecko skeleton (D:2)
  5 rats (D:1)
50 creatures vanquished.

Notes
Turn   | Place    | Note
-------+----------+-------------------------------------------
     0 | D:1      | Auros the Ghoul Monk began the quest for the Orb.
     0 | D:1      | Reached XP level 1. HP: 19/19 MP: 0/0
    93 | D:1      | Reached XP level 2. HP: 7/26 MP: 1/1
   550 | D:1      | Reached XP level 3. HP: 31/31 MP: 2/2
  1080 | D:2      | Reached skill level 1 in Armour
  1105 | D:2      | Reached skill level 4 in Unarmed Combat
  1105 | D:2      | Reached XP level 4. HP: 26/39 MP: 3/3
  1590 | D:3      | Noticed Grinder
  1593 | D:3      | Paralysed by Grinder for 5 turns
  1613 | D:3      | Paralysed by Grinder for 2 turns
  1622 | D:3      | Slain by Grinder

Vault maps used:
D:1:      minmay_arrival_four_houses
D:2:      serial_undead, serial_undead_b, serial_undead_b, serial_undead_b,
          serial_undead_b, minmay_parallelograms
D:3:      gammafunk_temple_overflow_pools, st_stairs_3, uniq_grinder

Skill      XL: |  1  2  3 |
---------------+----------+-----
Dodging        | 3 |  3.1
Armour         | 1 |  1.2
Unarmed Combat | 4 |  4.1
Fighting       | |  3.7
Stealth        | |  2.6

Action                   |  1- 3 |  4- 6 || total
-------------------------+-------+-------++-------
Melee: Unarmed           |   129 |    36 ||   165
       Punch             |     2 |       ||     2
  Use: Scroll            |     1 |       ||     1
 Stab: Sleeping          |     2 |       ||     2
  Eat: Chunk             |    18 |     4 ||    22
Armor: Robe              |     3 |       ||     3
       Leather armour    |    34 |     7 ||    41
Dodge: Dodged            |   101 |    35 ||   136

Table legend:
 A = Spawn XP
 B = Non-spawn XP
 C = Spawn XP percentage of total XP
 D = Spawn monster count
 E = Non-spawn monster count
 F = Spawn count percentage of total count
 G = Total turns spent on level
                    A         B        C        D         E        F      G
               +---------+---------+-------+---------+---------+-------+---------
         Total |       0 |     102 |   0.0 |       0 |      50 |   0.0 |  1622
               +---------+---------+-------+---------+---------+-------+---------
           D:1 |       0 |      36 |   0.0 |       0 |      20 |   0.0 |   705
           D:2 |       0 |      65 |   0.0 |       0 |      29 |   0.0 |   849
           D:3 |       0 |       1 |   0.0 |       0 |       1 |   0.0 |    68
               +---------+---------+-------+---------+---------+-------+---------
